 Dungeon Crawl Stone Soup version 0.31-a0-851-g7ff8af7976 (webtiles) character file.

Game seed: 16491693759405210375

157078 GigaChad the Severer (level 16, -6/154 HPs) *EXPLORE*
             Began as a Minotaur Fighter on Oct 5, 2023.
             Was an Initiate of Gozag.
             Mangled by a catoblepas (12 damage)
             ... while petrified by a catoblepas
             ... on level 15 of the Dungeon on Oct 6, 2023.
             The game lasted 00:50:15 (29015 turns).

GigaChad the Severer (Minotaur Fighter)            Turns: 29015, Time: 00:50:15

Health: -6/154     AC: 28    Str: 27    XL:     16   Next: 84%
Magic:  15/15      EV:  2    Int:  7    God:    Gozag
Gold:   3511       SH:  0    Dex: 18    Spells: 15/15 levels left

rFire   . . .        l - +1 war axe of Massacring {heavy, *Rage Will+ rCorr Int+2}
rCold   . . .        (no shield)
rNeg    + + +        J - +10 plate armour {ponderous}
rPois   ∞            K - melded +3 hat of Pondering {ponderous, Will+ MP+10 Int+5}
rElec   .            R - melded +2 cloak
rCorr   +            (gloves currently unavailable)
SInv    .            (boots currently unavailable)
Will    ++...        D - amulet of reflection Stlth
                     g - ring of flight
HPRegen 0.45/turn    z - +6 ring of dexterity
MPRegen 0.14/turn

%: random rage (20%), reflection
@: beast-form, petrified, on berserk cooldown, flying, slowed, slow
A: beast (slay +4), horns 2, retaliatory headbutt
}: 1/15 runes: barnacled
a: Begin Untransformation, Renounce Religion, Potion Petition, Call Merchant,
Bribe Branch


You were on level 15 of the Dungeon.
You worshipped Gozag.
Gozag was most pleased with you.
You were a hulking beast.
You visited 6 branches of the dungeon, and saw 28 of its levels.
You visited the Abyss 2 times.
You also visited: Sewer.

You collected 9072 gold pieces.
You spent 2453 gold pieces at shops.
You paid 3108 gold pieces to Gozag.

Inventory:

Hand Weapons
 a - a +8 spectral war axe
 l - the +1 war axe of Massacring (weapon) {heavy, *Rage Will+ rCorr Int+2}
   (You found it on level 5 of the Lair of Beasts)

   Int+2:     It affects your intelligence (+2).
   Will+:     It increases your willpower.
   *Rage:     It berserks you when you make melee attacks (+20% chance).
   rCorr:     It protects you from acid and corrosion.
 y - a +0 heavy battleaxe
 W - a +1 demon trident of freezing
Armour
 i - a +2 kite shield
 J - a +10 plate armour of ponderousness (worn)
 K - the +3 hat of Pondering (melded) {ponderous, Will+ MP+10 Int+5}
   (You bought it in a shop on level 9 of the Dungeon)

   Int+5:     It affects your intelligence (+5).
   Will+:     It increases your willpower.
   MP+10:     It affects your magic capacity (+10).
 R - a +2 cloak (melded)
Jewellery
 g - a ring of flight (left hand)
 z - a +6 ring of dexterity (right hand)
 A - a +4 ring of protection
 D - an amulet of reflection (around neck)
Talismans
 k - a beast talisman (active)
 m - a granite talisman
 I - a beast talisman (active)
 N - a serpent talisman
 Y - a beast talisman (active)
Wands
 w - a wand of digging (29)
 B - a wand of charming (13)
 E - a wand of flame (69)
 G - a wand of roots (19)
 U - a wand of polymorph (7)
 Z - a wand of light (6)
Scrolls
 c - 4 scrolls of blinking
 e - a scroll of fear
 p - 5 scrolls of revelation
 r - 3 scrolls of torment
 s - 5 scrolls of poison
 v - 8 scrolls of identify
 x - 11 scrolls of teleportation
 L - 2 scrolls of summoning
 P - 2 scrolls of immolation
 S - 2 scrolls of fog
 T - a scroll of silence
Potions
 b - 3 potions of ambrosia {unknown}
 d - 5 potions of might
 f - 4 potions of heal wounds {unknown}
 h - 8 potions of curing {unknown}
 j - 5 potions of attraction {unknown}
 n - 3 potions of mutation {unknown}
 o - 2 potions of resistance {unknown}
 q - 5 potions of haste {unknown}
 t - a potion of lignification {unknown}
 u - 7 potions of enlightenment {unknown}
 C - 2 potions of magic {unknown}
 F - 2 potions of invisibility {unknown}
 M - 2 potions of degeneration {unknown}
 Q - 2 potions of brilliance {unknown}
 V - 2 potions of cancellation {unknown}
Miscellaneous
 H - a lightning rod (4/4)
 O - a box of beasts
 X - a phantom mirror


   Skills:
 * Level 16.9 Fighting
 * Level 19.4 Axes
 * Level 17.8 Armour
 * Level 17.5 Shields
 * Level 7.1 Shapeshifting


You had 15 spell levels left.
You didn't know any spells.
Your spell library contained the following spells:

 Spells                   Type           Power      Damage    Failure   Level
 Apportation              Tloc           0%         N/A       94%         1
 Freeze                   Ice            0%         1d3       94%         1
 Necrotise                Necr           0%         1d4       94%         1
 Slow                     Hex            0%         N/A       94%         1
 Summon Small Mammal      Summ           0%         N/A       94%         1
 Cigotuvi's Dreadful Rot  Necr/Pois/Air  0%         N/A       98%         2
 Jinxbite                 Hex            0%         N/A       98%         2
 Poisonous Vapours        Pois/Air       0%         N/A       98%         2
 Wereblood                Tmut           0%         N/A       98%         2
 Call Canine Familiar     Summ           0%         N/A       100%        3
 Confusing Touch          Hex            0%         N/A       100%        3
 Dazzling Flash           Conj/Hex       0%         N/A       100%        3
 Frozen Ramparts          Ice            0%         1d1       100%        3
 Hailstorm                Conj/Ice       0%         3d3       100%        3
 Ignite Poison            Fire/Tmut/Pois 0%         N/A       100%        3
 Inner Flame              Hex/Fire       0%         N/A       100%        3
 Mephitic Cloud           Conj/Pois/Air  0%         N/A       100%        3
 Ozocubu's Armour         Ice            0%         N/A       100%        3
 Sigil of Binding         Hex            0%         N/A       100%        3
 Summon Guardian Golem    Hex/Summ       0%         N/A       100%        3
 Vampiric Draining        Necr           0%         2d6       100%        3
 Animate Armour           Summ/Erth      0%         N/A       100%        4
 Brom's Barrelling Bould  Conj/Erth      0%         2d3       100%        4
 Dimensional Bullseye     Hex/Tloc       0%         N/A       100%        4
 Flame Wave               Conj/Fire      0%         2d4       100%        4
 Leda's Liquefaction      Hex/Erth       0%         N/A       100%        4
 Manifold Assault         Tloc           0%         N/A       100%        4
 Petrify                  Tmut/Erth      0%         N/A       100%        4
 Sticky Flame             Conj/Fire      0%         2d3       100%        4
 Summon Lightning Spire   Summ/Air       0%         N/A       100%        4
 Agony                    Necr           0%         N/A       100%        5
 Alistair's Intoxication  Tmut/Pois      0%         N/A       100%        5
 Borgnjor's Vile Clutch   Necr/Erth      0%         N/A       100%        5
 Fireball                 Conj/Fire      0%         3d3       100%        5
 Freezing Cloud           Conj/Ice/Air   0%         6-21      100%        5
 Irradiate                Conj/Tmut      0%         3d11      100%        5
 Iskenderun's Battlesphe  Conj           0%         2d6       100%        5
 Lee's Rapid Deconstruct  Erth           0%         3d4*      100%        5
 Metabolic Englaciation   Hex/Ice        0%         N/A       100%        5
 Silence                  Hex/Air        0%         N/A       100%        5
 Conjure Ball Lightning   Conj/Air       0%         3x3d6     100%        6
 Dispersal                Tloc           0%         N/A       100%        6
 Eringya's Noxious Bog    Tmut/Pois      0%         4d6       100%        6
 Orb of Destruction       Conj           0%         9d5       100%        7
 Ozocubu's Refrigeration  Ice            0%         4d7       100%        7
 Discord                  Hex            0%         N/A       100%        8
 Disjunction              Tloc           0%         N/A       100%        8
 Polar Vortex             Ice            0%         N/A       100%        9
 Simulacrum               Ice/Necr       Unusable   N/A       N/A         6

Dungeon Overview and Level Annotations

Branches:
Dungeon (15/15)            Temple (1/1) D:5            Lair (5/5) D:9
 Shoals (4/4) Lair:2       Spider (0/4) Lair:2        Slime (0/5) Lair:5
    Orc (2/2) D:11            Elf (1/3) Orc:2        Vaults (0/5) D:14
  Sewer (visited)
 Depths: D:15

Altars:
Ashenzari
Cheibriados
Dithmenos
Elyvilon
Fedhas
Gozag
Hepliaklqana
Kikubaaqudgha
Makhleb
Nemelex Xobeh
Okawaru
Qazlal
Ru
Sif Muna
Trog
Uskayaw
Vehumet
Wu Jian
Xom
Yredelemnul
Zin
The Shining One
Jiyva
Lugonu

Shops:
D:14 *   Orc:2 ([*=

Portals:
Abyss: Lair:5

Annotations:
D:8 2 transporters, GreenGuy14's ghost, novice MiFi


Innate Abilities, Weirdness & Mutations

You are a hulking beast.
Your limbs bulge with bestial killing power. (Slay +4)
You are immune to poison.
You have a pair of horns on your head.
You reflexively headbutt those who attack you in melee.


Message History

The fire dragon is no longer petrified.
The catoblepas gores you!!
* * * LOW HITPOINT WARNING * * *
The catoblepas breathes a plume of calcifying dust at you.
The blast of calcifying dust hits you but does no damage.
Unknown command.
You slash the catoblepas!
The catoblepas is moderately wounded.
You are engulfed in calcifying dust.
You are slowing down.
The catoblepas breathes a plume of calcifying dust at you.
The blast of calcifying dust hits you but does no damage.
You block the catoblepas's attack.
Your limbs are stiffening.
You slice the catoblepas like a ripe choko!!!
The catoblepas is severely wounded.
You are engulfed in calcifying dust.
The catoblepas gores you.
* * * LOW HITPOINT WARNING * * *
The catoblepas gores you but does no damage.
You have turned to stone.
You are engulfed in calcifying dust.
The fire dragon bites you but does no damage.
The fire dragon claws you.
* * * LOW HITPOINT WARNING * * *
The fire dragon completely misses you. The catoblepas gores you!
* * * LOW HITPOINT WARNING * * *
The fire dragon barely misses you.
The fire dragon claws you but does no damage.
The fire dragon tramples you but does no damage.
The catoblepas gores you.
* * * LOW HITPOINT WARNING * * *
The fire dragon bites you but does no damage.
The fire dragon claws you but does no damage.
The fire dragon tramples you but does no damage.
The catoblepas gores you.
* * * LOW HITPOINT WARNING * * *
The fire dragon breathes flames at you. The blast of flame hits you!!
* * * LOW HITPOINT WARNING * * *
The catoblepas gores you!!
You die...
Your body crumbles into a pile of gold.

##.##
#.##..........
#..###..#..........
##..###............
##.##............#
####
#..............#
...#
###.....?.....##
##.# ##^.$.......#
...### #....D.....#
#....# #....Yh....#
###### #..........#
#..........#
#........<.# #
############ # # #
#


You could see a fire dragon (catching breath) and a catoblepas.

Vanquished Creatures
  2 krakens (Shoals:1)
  A tentacled starspawn (Abyss:1)
  Polyphemus (Shoals:2)
  Donald (Shoals:1)
  A frost giant (Shoals:4)
  A draconian monk (Abyss:2)
  An angel (Abyss:2)
  2 orc warlords
  Snorg (D:11)
  3 merfolk javelineers
  4 merfolk impalers
  Fannar (D:11)
  4 vault guards (D:14)
  3 hydras
  3 catoblepae
  Erica (D:11)
  4 centaur warriors
  2 merfolk avatars
  An alligator snapping turtle (Shoals:1)
  5 merfolk aquamancers
  4 two-headed ogres
  A death knight (D:15)
  2 rakshasas (D:15)
  4 boulder beetles
  2 orc high priests (Orc:2)
  14 death yaks
  4 thrashing horrors
  Sonja (D:10)
  A sixfirhy (Abyss:1)
  5 skysharks
  4 sea snakes
  A pharaoh ant (Lair:2)
  2 wizards
  7 orc knights
  A deep troll (shapeshifter) (Abyss:1)
  3 deep elf pyromancers
  12 harpies
  2 oklob plants (Lair:5)
  5 cyclopes
  6 deep elf zephyrmancers (Elf:1)
  19 manticores
  9 fauns (Shoals:2)
  A will-o-the-wisp (Abyss:1)
  7 ugly things
  6 orc sorcerers
  A black mamba (Lair:4)
  5 merfolk sirens (Shoals:2)
  4 water nymphs
  Jeremiah (D:7)
  2 gargoyles (D:14)
  2 smoke demons (Lair:5)
  7 cane toads
  An unseen horror (D:12)
  2 torpor snails
  3 rime drakes
  2 freezing wraiths
  A kobold demonologist (D:13)
  4 komodo dragons
  An ancient zyme (Abyss:1)
  2 tengu conjurers
  22 merfolk
  7 trolls
  4 wind drakes
  5 polar bears
  Prince Ribbit (D:7)
  2 tarantellas (Lair:2)
  A hornet (D:8)
  A raiju (Lair:5)
  10 dream sheep
  32 blink frogs
  5 flying skulls (Abyss:2)
  4 slime creatures (D:12)
  2 ynoxinuls
  12 small abominations
  9 snapping turtles
  3 vampires
  5 wyverns
  A shadow (D:11)
  2 spriggans (Lair:5)
  11 water elementals
  50 yaks
  7 wraiths
  A human (D:14)
  4 basilisks
  A neqoxec (Abyss:1)
  4 chaos spawn (Lair:5)
  2 vampire mosquitoes (D:12)
  A steam dragon (D:7)
  2 large abominations
  A redback (shapeshifter) (D:13)
  4 wargs
  2 acid dragons
  13 water moccasins
  28 orc warriors
  An ice beast (D:6)
  5 black bears
  10 ogres
  9 wolves
  11 centaurs
  5 kobold brigands
  A gnoll sergeant (D:10)
  9 bullfrogs
  3 scorpions (D:5)
  9 wights (D:8)
  4 killer bees (D:7)
  3 howler monkeys
  2 electric eels (Lair:1)
  5 hounds
  18 orc priests
  2 jellies
  A sleepcap (D:7)
  A gnoll bouda (D:5)
  Natasha (thrice) (D:4)
  3 iguanas
  33 orc wizards
  12 adders
  8 gnolls
  A shadow imp (D:7)
  A white imp (D:5)
  2 ufetubi
  4 worms
  3 dart slugs
  101 orcs
  6 bats
  13 endoplasms
  14 giant cockroaches
  9 goblins
  10 hobgoblins
  8 jackals (D:1)
  11 quokkas
  9 ball pythons
  10 frilled lizards
  21 kobolds
  4 rats
  A starspawn tentacle (Abyss:1)
  5 tentacles (Shoals:1)
853 creatures vanquished.

Vanquished Creatures (collateral kills)
  2 merfolk impalers (Shoals:4)
  A manticore (Shoals:4)
  2 merfolk sirens (Shoals:4)
5 creatures vanquished.

Vanquished Creatures (others)
  3 merfolk impalers (Shoals:4)
  4 merfolk aquamancers (Shoals:4)
  A manticore (Shoals:4)
  2 water nymphs (Shoals:4)
  A merfolk (Shoals:2)
  An orc (D:5)
  4 foxfires (Abyss:1)
  7 spectral weapons
  A starspawn tentacle (Abyss:1)
  7 tentacles (Shoals:1)
31 creatures vanquished.

Grand Total: 889 creatures vanquished

Notes
Turn   | Place    | Note
-------+----------+-------------------------------------------
     0 | D:1      | GigaChad the Minotaur Fighter began the quest for the Orb.
     0 | D:1      | Reached XP level 1. HP: 19/19 MP: 0/0
    85 | D:1      | Reached XP level 2. HP: 27/27 MP: 1/1
   254 | D:1      | Reached XP level 3. HP: 28/33 MP: 2/2
   261 | D:1      | Reached skill level 3 in Axes
   305 | D:1      | Entered explore mode.
  1425 | D:2      | Reached XP level 4. HP: 37/40 MP: 3/3
  1995 | D:3      | Reached skill level 4 in Axes
  2226 | D:3      | Reached XP level 5. HP: 47/47 MP: 4/4
  2823 | D:4      | Reached skill level 5 in Armour
  2851 | D:4      | Noticed Natasha
  2860 | D:4      | Killed Natasha
  2861 | D:4      | Reached skill level 5 in Axes
  2908 | D:4      | Reached XP level 6. HP: 46/53 MP: 5/5
  2973 | D:4      | Noticed Natasha
  2976 | D:4      | Killed Natasha
  2989 | D:4      | Found a glowing drain.
  3128 | D:4      | Noticed Natasha
  3133 | D:4      | Killed Natasha
  3252 | Sewer    | Entered a sewer
  3390 | Sewer    | Reached skill level 6 in Axes
  3428 | Sewer    | Reached skill level 5 in Fighting
  3477 | Sewer    | Reached skill level 5 in Shields
  3563 | D:5      | Entered Level 5 of the Dungeon
  3573 | D:5      | Mangled by an ogre
                  | ... wielding a +0 giant club
                  | (33 damage)
  3574 | D:5      | Reached XP level 7. HP: 61/61 MP: 6/6
  3577 | D:5      | HP: 3/61 [orc wizard/puff of flame (9)]
  3577 | D:5      | Slain by a scorpion (3 damage)
  3580 | D:5      | Reached skill level 7 in Axes
  3581 | D:5      | Succumbed to a scorpion's poison
  3585 | D:5      | HP: 3/61 [white imp (4)]
  3586 | D:5      | Succumbed to a scorpion's poison
  3591 | D:5      | HP: 2/62 [orc/+0 morningstar (9)]
  3592 | D:5      | Slain by an orc
                  | ... wielding a +2 trident of protection
                  | (6 damage)
  3597 | D:5      | Reached skill level 8 in Axes
  3597 | D:5      | Reached XP level 8. HP: 30/70 MP: 7/7
  3601 | D:5      | Slain by a gnoll bouda
                  | ... wielding a +0 whip
                  | (6 damage)
  3938 | D:5      | Found a staircase to the Ecumenical Temple.
  3977 | Temple   | Entered the Ecumenical Temple
  4025 | Temple   | Became a worshipper of Gozag Ym Sagoz the Greedy
  4098 | D:5      | Found a stormy altar of Qazlal.
  4098 | D:5      | Found a basalt altar of Yredelemnul.
  4951 | D:6      | Slain by a water moccasin (7 damage)
  5247 | D:6      | Reached skill level 9 in Axes
  5528 | D:7      | Noticed Jeremiah
  5555 | D:7      | Slain by Jeremiah
                  | ... wielding a +3 trident of draining
                  | (4 damage)
  5587 | D:7      | Killed Jeremiah
  5588 | D:7      | Reached XP level 9. HP: 43/75 MP: 8/8
  5818 | D:7      | Reached skill level 10 in Axes
  6367 | D:7      | Noticed Prince Ribbit
  6378 | D:7      | Killed Prince Ribbit
  6754 | D:8      | Found a transporter.
  6759 | D:8      | Noticed GreenGuy14's ghost (novice MiFi)
  6762 | D:8      | Noticed a manticore
  6781 | D:8      | Reached skill level 11 in Axes
  7381 | D:8      | Reached XP level 10. HP: 32/88 MP: 9/9
  7661 | D:8      | Found a transporter.
  7707 | D:8      | Reached skill level 12 in Axes
  8002 | D:9      | Found a staircase to the Lair.
  8029 | D:9      | You are sucked into a shaft and drop 2 floors!
  8034 | D:11     | Noticed Snorg
  8042 | D:11     | Slain by Snorg (22 damage)
  8046 | D:11     | Killed Snorg
  8049 | D:11     | Noticed a boulder beetle
  8070 | D:10     | Entered Level 10 of the Dungeon
  8328 | D:10     | Noticed Sonja
  8334 | D:10     | HP: 4/90 [Sonja/+2 dagger of distortion (19)]
  8334 | D:10     | Demolished by Sonja
                  | ... wielding a +2 dagger of distortion
                  | (19 damage)
  8339 | D:10     | HP: 4/90 [Sonja/+2 dagger of distortion (4)]
  8340 | D:10     | Slain by Sonja
                  | ... wielding a +2 dagger of distortion
                  | (4 damage)
  8349 | Abyss:1  | Cast into level 1 of the Abyss (Sonja)
  8393 | Abyss:1  | Noticed a sixfirhy
  8400 | Abyss:1  | Slain by a sixfirhy (11 damage)
  8406 | Abyss:1  | Found a corrupted altar of Lugonu.
  8413 | Abyss:1  | Killed a sixfirhy
  8414 | Abyss:1  | Reached skill level 10 in Armour
  8461 | Abyss:1  | Noticed a will-o-the-wisp
  8470 | Abyss:1  | Killed from afar by a will-o-the-wisp (27 damage)
                  | ... with a foxfire
  8475 | Abyss:1  | Killed a will-o-the-wisp
  8476 | Abyss:1  | Reached skill level 13 in Axes
  8517 | Abyss:1  | a redback changed into a cyclops
  8517 | Abyss:1  | Noticed a cyclops (glowing shapeshifter)
  8521 | Abyss:1  | Noticed an orb spider
  8525 | Abyss:1  | an orb spider changed into a slime creature
  8526 | Abyss:1  | a slime creature changed into a skyshark
  8526 | Abyss:1  | Noticed a skyshark (glowing shapeshifter)
  8528 | Abyss:1  | a skyshark changed into a deep troll
  8528 | Abyss:1  | Noticed a deep troll (glowing shapeshifter)
  8531 | Abyss:1  | Killed a deep troll
  8534 | Abyss:1  | Noticed a tentacled starspawn
  8541 | Abyss:1  | Killed a tentacled starspawn
  8542 | Abyss:1  | Reached XP level 11. HP: 47/97 MP: 10/10
  8545 | Abyss:1  | Noticed a thrashing horror
  8551 | D:10     | Escaped the Abyss
  8555 | D:10     | HP: 1/97 [Sonja/+2 dagger of distortion (4)]
  8555 | D:10     | Slain by Sonja
                  | ... wielding a +2 dagger of distortion
                  | (1 damage)
  8556 | D:10     | Killed Sonja
  8940 | D:10     | Reached skill level 14 in Axes
  9972 | D:9      | Found a snail-covered altar of Cheibriados.
  9972 | D:9      | Found Cheibriados's Comfort Zone.
  9985 | D:9      | Bought a +8 plate armour of ponderousness for 560 gold
                  | pieces
  9985 | D:9      | Bought the +3 hat of Pondering {ponderous, Will+ MP+10
                  | Int+5} for 533 gold pieces
  9985 | D:9      | Found the +3 hat of Pondering {ponderous, Will+ MP+10
                  | Int+5}
 10165 | Lair:1   | Entered Level 1 of the Lair of Beasts
 10177 | Lair:1   | Reached skill level 10 in Fighting
 10336 | Lair:1   | Found a shimmering altar of Xom.
 10358 | Lair:1   | Reached skill level 1 in Shapeshifting
 10621 | Lair:1   | Found a frozen archway.
 11139 | Lair:2   | Reached skill level 10 in Shields
 11396 | Lair:2   | Noticed a death yak
 11397 | Lair:2   | Noticed a death yak
 11397 | Lair:2   | Noticed a death yak
 11398 | Lair:2   | Noticed a death yak
 11398 | Lair:2   | Noticed a death yak
 11399 | Lair:2   | Noticed a death yak
 11407 | Lair:2   | Killed a death yak
 11408 | Lair:2   | Reached skill level 15 in Axes
 11408 | Lair:2   | Reached XP level 12. HP: 26/107 MP: 11/11
 11409 | Lair:2   | Killed a death yak
 11409 | Lair:2   | Killed a death yak
 11409 | Lair:2   | HP: 1/107 [yak (10)]
 11412 | Lair:2   | Mangled by a death yak (14 damage)
 11415 | Lair:2   | Killed a death yak
 11415 | Lair:2   | Killed a death yak
 11418 | Lair:2   | Killed a death yak
 11423 | Lair:2   | Found a hole to the Spider Nest.
 11683 | Lair:2   | Noticed a catoblepas
 11698 | Lair:2   | Killed a catoblepas
 11759 | Lair:2   | Found a staircase to the Shoals.
 11765 | Lair:2   | Reached skill level 16 in Axes
 12368 | Lair:3   | Reached XP level 13. HP: 109/118 MP: 12/12
 13728 | Lair:4   | HP: 5/119 [19-headed hydra (7)]
 13728 | Lair:4   | Slain by a 19-headed hydra (9 damage)
 13985 | Lair:5   | Entered Level 5 of the Lair of Beasts
 14354 | Lair:5   | Reached skill level 17 in Axes
 14413 | Lair:5   | Found a viscous altar of Jiyva.
 14414 | Lair:5   | Found a staircase to the Slime Pits.
 14738 | Lair:5   | Identified the +1 war axe of Massacring {heavy, *Rage Will+
                  | rCorr Int+2}
 15150 | Lair:5   | Reached XP level 14. HP: 93/129 MP: 13/13
 15440 | Lair:5   | Found a corrupted altar of Lugonu.
 15440 | Lair:5   | Found a one-way gate to the infinite horrors of the Abyss.
 15488 | Lair:5   | Identified the +1 pair of boots "Ikkon" {Rampage rElec
                  | rPois Dex-3}
 16216 | Shoals:1 | Entered Level 1 of the Shoals
 16272 | Shoals:1 | Reached skill level 15 in Armour
 16580 | Shoals:1 | Noticed Donald
 16582 | Shoals:1 | Noticed a kraken
 16589 | Shoals:1 | Demolished by a kraken (32 damage)
 16592 | Shoals:1 | Killed a kraken
 16601 | Shoals:1 | Killed Donald
 16669 | Shoals:1 | Noticed a kraken
 16684 | Shoals:1 | Killed a kraken
 17335 | Shoals:2 | Noticed Polyphemus
 17350 | Shoals:2 | HP: 4/132 [death yak[Polyphemus] (4)]
 17351 | Shoals:2 | Slain by a death yak (8 damage)
                  | ... led by Polyphemus
                  | ... while petrified by a catoblepas
 17357 | Shoals:2 | Mangled by a death yak (19 damage)
                  | ... led by Polyphemus
 17365 | Shoals:2 | HP: 3/132 [death yak[Polyphemus] (6)]
 17365 | Shoals:2 | Slain by Polyphemus (8 damage)
                  | ... while petrified by a catoblepas
 17371 | Shoals:2 | Reached skill level 5 in Shapeshifting
 17379 | Shoals:2 | Killed Polyphemus
 17382 | Shoals:2 | HP: 5/132 [snapping turtle (5)]
 17384 | Shoals:2 | Slain by a snapping turtle (5 damage)
                  | ... while petrified by a catoblepas
 18123 | Shoals:2 | Reached skill level 18 in Axes
 18429 | Shoals:2 | Reached XP level 15. HP: 124/139 MP: 14/14
 18744 | Shoals:2 | HP: 7/208 [merfolk siren/+0 trident (11)]
 18745 | Shoals:2 | Succumbed to a merfolk impaler's poison
 18748 | Shoals:2 | Succumbed to a merfolk impaler's poison
 18756 | Shoals:2 | HP: 5/139 [poisoned by a merfolk impaler]
 18757 | Shoals:2 | HP: 2/139 [poisoned by a merfolk impaler]
 18757 | Shoals:2 | Slain by a merfolk impaler
                  | ... wielding a +2 demon trident of venom
                  | (7 damage)
 18765 | Shoals:2 | Reached skill level 15 in Shields
 19285 | Shoals:3 | Reached skill level 15 in Fighting
 20463 | Shoals:4 | Entered Level 4 of the Shoals
 21003 | Shoals:4 | Noticed a frost giant
 21011 | Shoals:4 | Killed a frost giant
 21228 | Shoals:4 | Got a barnacled rune of Zot
 22772 | D:11     | Noticed Fannar
 22788 | D:11     | Killed Fannar
 22907 | D:11     | Noticed Erica
 22912 | D:11     | Killed Erica
 23326 | D:11     | Found a staircase to the Orcish Mines.
 23352 | Orc:1    | Entered Level 1 of the Orcish Mines
 23995 | Orc:2    | Entered Level 2 of the Orcish Mines
 24000 | Orc:2    | Reached XP level 16. HP: 150/150 MP: 15/15
 24131 | Orc:2    | Killed by divine providence
                  | ... invoked by an orc priest
                  | (16 damage)
 24157 | Orc:2    | Found Diatz's General Store.
 24447 | Orc:2    | Found a staircase to the Elven Halls.
 24462 | Orc:2    | Found Dedeifin's Antique Weapon Shoppe.
 24492 | Orc:2    | Found Qeneamoq's Antique Armour Shoppe.
 24514 | Orc:2    | Found Xugi's Jewellery Shoppe.
 24523 | Orc:2    | Bought a granite talisman for 1360 gold pieces
 24540 | Orc:2    | Paralysed by an orc sorcerer for 3 turns
 25161 | Elf:1    | Entered Level 1 of the Elven Halls
 25181 | Elf:1    | Found a radiant altar of Vehumet.
 25185 | Elf:1    | Reached skill level 19 in Axes
 26141 | D:12     | Identified the +2 leather armour of Juzalo {*Corrode +Blink
                  | rN++ Stlth+}
 26839 | D:13     | Identified the +2 robe of the Evil One {rC+ Str+2}
 27535 | D:14     | Found Xoidghe's Neck Hole.
 27702 | Abyss:2  | Cast into level 2 of the Abyss (a wizard)
 27723 | Abyss:2  | Found a corrupted altar of Lugonu.
 27823 | Abyss:2  | HP: 4/152 [angel/+3 whip of holy wrath (7)]
 27823 | Abyss:2  | Slain by an angel
                  | ... wielding a +3 whip of holy wrath
                  | (7 damage)
 27874 | D:14     | Escaped the Abyss
 27928 | D:14     | Found a gate to the Vaults.
 28471 | D:15     | Entered Level 15 of the Dungeon
 28472 | D:15     | Found an opulent altar of Gozag.
 29015 | D:15     | HP: 6/154 [fire dragon/blast of flame (13)]
 29015 | D:15     | Mangled by a catoblepas

Illustrated notes

Levels and vault maps discovered:
D:1:      ebering_trefoil_twist, layout_loops_ring
D:2:      minmay_general_purpose_star, layout_loops_ring,
          guppyfry_early_orc_mine
D:3:      layout_basic, minmay_close_crescents
D:4:      layout_rooms, gup_sewer_entry_glass, uniq_natasha
D:5:      layout_basic, gammafunk_temple_overflow_statue,
          minmay_temple_entry_junction_2, chequers_arboretum, minmay_checkerbox
D:6:      layout_loops_corners
D:7:      layout_basic, lightli_minifort, uniq_prince_ribbit1, uniq_jeremiah
D:8:      layout_basic, nzn_ghost_randoct
D:9:      layout_layer_cave, lair_entry_dummy, minmay_shop_chei
D:10:     minmay_weird_star, layout_loops_corners, grunt_decor_junction,
          uniq_sonja
D:11:     layout_basic, orc_0_dummy, minivault_16, uniq_snorg, uniq_erica,
          uniq_fannar
D:12:     layout_rooms
D:13:     layout_small_grid
D:14:     layout_cross, grunt_vaults_entry_fortified, small_statue_intersection,
          nicolae_shop_sticking_my_neck_out
D:15:     hangedman_depths_entry_try_elsewhere_first, layout_rooms,
          gammafunk_ghost_mausoleum, grunt_gozag_statues
Temple:   mainiacjoe_temple_cubbyholes
Lair:1:   layout_regular_city, portal_ice_cave_entry_pillars_2, basic_altar,
          serial_bayou_lagoon_b
Lair:2:   beast_lair_carwin_large_2, layout_concentric_octagons,
          nicolae_shoals_entry_roost, nicolae_spider_entry_lesser_pyramids
Lair:3:   layout_chaotic_city, chequers_serial_rivers_large_a,
          grunt_megastairs_2
Lair:4:   layout_roguey, nicolae_quartered_pool_little
Lair:5:   hellmonk_lair_end_abyssal_woods, layout_regular_city,
          minmay_slime_entry_oklob_open, infiniplex_staircase_pool_2,
          lemuel_fruit_tree
Shoals:1: layout_shoals, uniq_donald
Shoals:2: layout_shoals, st_sunken_temple, uniq_polyphemus
Shoals:3: layout_shoals
Shoals:4: shoals_end_grunt_ice, layout_shoals
Orc:1:    layout_diamond_mine, nicolae_orc_rich_vein
Orc:2:    grunt_orc_cross, layout_caves
Elf:1:    eino_elf_arrival_altar, layout_geoelf_diagonals,
          minmay_elf_crystal_hexagon, minmay_shoptagon

Skill      XL: |  1  2  3  4  5  6  7  8  9 10 11 12 13 14 15 16 |
---------------+-------------------------------------------------+-----
Fighting       | 4 5 6 8 9 10 12 13 14 15 16 | 16.9
Armour         | 4 5 6 7 9 11 12 13 14 15 16 17 | 17.8
Shields        | 4 5 6 7 9 10 11 12 14 16 17 | 17.5
Axes           | 3 4 5 6 8 9 11 13 15 16 17 18 19 | 19.4
Shapeshifting  | 1 3 4 5 6 7 |  7.1

Action                     |  1- 3 |  4- 6 |  7- 9 | 10-12 | 13-15 | 16-18 || total
---------------------------+-------+-------+-------+-------+-------+-------++-------
  Melee: War axe           |    77 |   187 |   229 |   332 |   837 |   291 ||  1953
         Headbutt          |     5 |    19 |    41 |    76 |   202 |    72 ||   415
         Punch             |       |       |       |       |       |     2 ||     2
 Invoke: Bribe Branch      |       |       |       |       |     1 |       ||     1
    Use: Scroll            |       |     2 |     9 |     5 |     5 |     5 ||    26
   Stab: Distracted        |       |       |       |    10 |    12 |     2 ||    24
         Petrified         |       |       |       |       |    12 |     2 ||    14
 Armour: Scale mail        |    70 |   118 |   181 |       |       |       ||   369
         Plate armour      |       |       |    70 |   320 |  1105 |   459 ||  1954
  Dodge: Dodged            |    45 |    71 |    80 |    75 |   209 |   119 ||   599
  Block: Buckler           |    15 |       |       |       |       |       ||    15
         Kite shield       |     2 |    90 |   122 |   172 |   883 |   183 ||  1452
         Reflection        |       |       |       |       |    46 |    11 ||    57
         Other             |       |       |       |       |       |    50 ||    50
   Form: Beast             |       |       |       |       |     1 |       ||     1

Table legend: (Time is in decaauts)
 A = Elapsed time spent in this place.
 B = Non-inter-level travel time spent in this place.
 C = Inter-level travel time spent in this place.
 D = Time resting spent in this place.
 E = Time spent auto-exploring this place.
 F = Levels seen in this place.
 G = Mean time per level.
                   A        B        C        D        E       F      G
               +--------+--------+--------+--------+--------+-----+--------+
         Total |  31767 |  30548 |   1219 |   1286 |  21585 |  31 | 1024.7 |
       Dungeon |  15473 |  15029 |    444 |    973 |  11152 |  15 | 1031.5 |
        Temple |     66 |     49 |     17 |      0 |      0 |   1 |   66.0 |
          Lair |   6951 |   6583 |    368 |     31 |   5130 |   5 | 1390.2 |
        Shoals |   6380 |   6182 |    198 |    282 |   3954 |   4 | 1595.0 |
  Orcish Mines |   2095 |   1904 |    191 |      0 |   1189 |   2 | 1047.5 |
   Elven Halls |    100 |    100 |      0 |      0 |      0 |   1 |  100.0 |
         Abyss |    422 |    422 |      0 |      0 |     12 |   2 |  211.0 |
         Sewer |    276 |    276 |      0 |      0 |    145 |   1 |  276.0 |
               +--------+--------+--------+--------+--------+-----+--------+

Top non-repeatable levels by time:
  Lair:5: 2148 daAuts
Shoals:2: 2090 daAuts
Shoals:3: 1637 daAuts
    D:10: 1515 daAuts
Shoals:4: 1438 daAuts
  Lair:2: 1354 daAuts
    D:11: 1348 daAuts
     D:9: 1333 daAuts
   Orc:2: 1252 daAuts
     D:2: 1240 daAuts
     D:7: 1239 daAuts
  Lair:3: 1238 daAuts
Shoals:1: 1214 daAuts
    D:13: 1195 daAuts
  Lair:4: 1142 daAuts
